 Dungeon Crawl Stone Soup version 0.23.2-1-ga50397a (webtiles) character file.

Game seed: 15465128840619738384

37 night the Firebug (level 3, -1/19 HPs)
             Began as a Gargoyle Fire Elementalist on Apr 14, 2019.
             Killed from afar by Sigmund (5 damage)
             ... with a magic dart
             ... on level 2 of the Dungeon.
             The game lasted 00:04:39 (2056 turns).

night the Firebug (Gargoyle Fire Elementalist)      Turns: 2056, Time: 00:04:39

Health: -1/19      AC:  5    Str: 11    XL:     3   Next: 41%
Magic:  2/6        EV: 12    Int: 16    God:
Gold:   97         SH:  0    Dex: 10    Spells: 3/6 levels left

rFire    . . .     SeeInvis .   h - +0 whip
rCold    . . .     Gourm    .   (no shield)
rNeg     + . .     Faith    .   a - +0 robe
rPois    ∞         Spirit   .   (no helmet)
rElec    +         Reflect  .   (no cloak)
rCorr    .         Harm     .   (no gloves)
MR       .....                  (no boots)
Stlth    ++........             (no amulet)
HPRegen  0.06/turn              (no ring)
MPRegen  0.10/turn              (no ring)

@: no status effects
A: negative energy resistance 1, electricity resistance, unbreathing,
petrification resistance, rot immunity, AC +3
a: no special abilities


You were on level 2 of the Dungeon.
You were hungry.

You visited 1 branch of the dungeon, and saw 2 of its levels.

You collected 97 gold pieces.

Inventory:

Hand Weapons
 h - a +0 whip (weapon)
Missiles
 e - a throwing net (quivered)
 f - 18 bolts
 i - 21 arrows
 l - 2 javelins
Armour
 a - a +0 robe (worn)
Scrolls
 d - a scroll of blinking {unknown}
 g - a scroll of identify
 k - a scroll of amnesia
 m - a scroll of magic mapping {unknown}
 o - a scroll of noise {unknown}
Potions
 b - a potion of mutation {unknown}
 j - 3 potions of agility {unknown}
 n - a potion of magic {unknown}
Comestibles
 c - 6 rations


   Skills:
 + Level 0.8 Maces & Flails
 - Level 1.5 Dodging
 - Level 2.1 Stealth
 + Level 2.4 Spellcasting
 + Level 2.0 Conjurations
 + Level 3.4 Fire Magic


You had 3 spell levels left.
You knew the following spells:

 Your Spells              Type           Power        Failure   Level  Hunger
a - Flame Tongue          Conj/Fire      ##...        6%          1    #......
b - Throw Flame           Conj/Fire      ##....       10%         2    ###....

Your spell library contained the following spells:

 Spells                   Type           Power        Failure   Level  Hunger
 Conjure Flame            Conj/Fire      ##......     19%         3    ###....
 Inner Flame              Hex/Fire       #.......     28%         3    ###....
 Sticky Flame             Conj/Fire      ##......     54%         4    #####..
 Fireball                 Conj/Fire      ##........   87%         5    ######.


Dungeon Overview and Level Annotations

Branches:
Dungeon (2/15)

Altars:
Makhleb
Zin

Annotations:
D:2 Sigmund


Innate Abilities, Weirdness & Mutations

You are resistant to torment.
Your stone body is resilient. (AC +3)
You are immune to poison.
You resist negative energy. (rN+)
You are resistant to electric shocks. (rElec)
You can survive without breathing.
You are immune to petrification.
You are immune to rotting.


Message History

Confirm with . or Enter, or press ? or * to list all spells.
Aiming: Flame Tongue (safe; 6% risk of failure)
Press: ? - help, Shift-Dir - straight line, f/p - Sigmund
Aim: Sigmund, wielding a +0 scythe and wearing a +0 robe The flame tongue hits Sigmund!
Sigmund is moderately wounded.
Sigmund hits you from afar with a +0 scythe!
Casting: Flame Tongue (safe; 6% risk of failure)
Confirm with . or Enter, or press ? or * to list all spells.
Aiming: Flame Tongue (safe; 6% risk of failure)
Press: ? - help, Shift-Dir - straight line, f/p - Sigmund
Aim: Sigmund, wielding a +0 scythe and wearing a +0 robe (moderately wounded)
The flame tongue hits Sigmund.
Sigmund is moderately wounded.
Sigmund casts a spell at you. The puff of flame hits you.
* * * LOW HITPOINT WARNING * * *
Sigmund points at you and mumbles some strange words.
The magic dart hits you.
You die...

....#####<.........# #.# #.#
.##.#.............## #.# #.#
......##.###.#.##.# #.# #.#
.##..##........##.# #.# #.#
.##..##........#..# #.# #.#
.##..##........#.## #.# ###.#
.##........(...#.#####.##
#.>.#
..............##.#......#
#.###
.###.##.......##@#.###.## #.#
.# #.##.......##.#.#
#######.#### .#
#.###...#####.#.#### #........
## #.###.........@....#
#.##..... #
#..........##.#.##.###.#######
# ### #..#...#.#.#...##.##
#########....#.(...........#
..[............#.#.#...##.>#
.........#.#.......##.###..#


You could see Sigmund.

Vanquished Creatures
  An ooze (D:1)
  A worm (D:2)
  2 dart slugs (D:1)
  3 giant cockroaches (D:1)
  4 hobgoblins (D:1)
  4 kobolds
  A ball python (D:1)
  3 bats
  7 frilled lizards
  A goblin (D:1)
  2 rats (D:1)
29 creatures vanquished.

Notes
Turn   | Place    | Note
-------+----------+-------------------------------------------
     0 | D:1      | night the Gargoyle Fire Elementalist began the quest for
                  | the Orb.
     0 | D:1      | Reached XP level 1. HP: 10/10 MP: 3/3
    85 | D:1      | Reached XP level 2. HP: 15/15 MP: 1/5
   360 | D:1      | Learned a level 2 spell: Throw Flame
   935 | D:1      | Reached XP level 3. HP: 19/19 MP: 4/6
  1196 | D:2      | Noticed a green death
  1197 | D:2      | Found a burning altar of Makhleb.
  1202 | D:2      | Found a glowing silver altar of Zin.
  1203 | D:2      | Noticed an angel
  1550 | D:2      | Noticed Sigmund
  2056 | D:2      | Killed from afar by Sigmund

Skill      XL: |  1  2  3 |
---------------+----------+-----
Conjurations   | 2 |  2.0
Maces & Flails | |  0.8
Dodging        | |  1.5
Stealth        | |  2.1
Spellcasting   | |  2.4
Fire Magic     | |  3.4

Action                   || total
-------------------------++-------
Melee: Whip              ||     7
 Cast: Flame Tongue      ||    37
       Throw Flame       ||    15
  Use: Scroll            ||     4
  Eat: Chunk             ||     4
Armor: Robe              ||     4
Dodge: Dodged            ||     9
